[Event "Late-Titled-Tuesday-Blitz-February-13-2024"]
[Site "Chess.com"]
[Date "2024.02.13"]
[Round "2"]
[White "TheAlienParty"]
[Black "MAGAExtremist"]
[Result "1/2-1/2"]
[WhiteElo "2396"]
[BlackElo "1927"]
[TimeControl "180+1"]
[EndTime "14:17:56 PST"]
[Termination "Game drawn by repetition"]

1. c4 c5 2. Nf3 Nf6 3. g3 Nc6 4.
Bg2 g6 5. d4 cxd4 6. Nxd4 Bg7 7. Nc2 O-O 8. Nc3 d6 9. O-O Be6 10. b3 Qd7 11. Re1 Rfd8 12. Bb2 d5 13. Nxd5 Nxd5 14.
Bxg7 Kxg7 15. cxd5 Bxd5 16. e4 Be6 17. Qe2 Qd2 18. Ne3 Qxe2 19. Rxe2 Nd4 20. Rb2 Rac8 21. Rd1 Rd7 22. Nd5 Bxd5 23. exd5 Nb5 24. a4 Nd6 25.
Rd3 Rc1+ 26. Bf1 Rdc7 27. Kg2 Re1 28. Be2 Rec1 29. Rdd2 a5 30. b4 b6 31. bxa5 bxa5 32. Rb8 Ra1 33. Bb5 Rb1 34. h4 h5 35. Re2 Kf6 36. Ra2 Rc5 37. Rb6 Kg7 38. Re2 Nxb5 39. axb5 Rbxb5 40. Ra6 Rxd5 41. Rxe7 Rb2 42. Re3 Rf5 43. Rf3 Rxf3 44. Kxf3 Ra2 45. Ke3 a4 46. f3 a3 47. g4 Ra1 48. Kf2 hxg4 49. fxg4 f5 50.
h5 fxg4 51. Rxg6+ Kh7 52. Ra6 a2 53. Kg2 g3 54. h6 Kh8 55. Ra7 Kg8 56. Ra8+ Kh7 57.
Ra6 Kh8 58. Ra8+ Kh7 59. Ra6 1/2-1/2

[Event "Late-Titled-Tuesday-Blitz-February-13-2024"]
[Site "Chess.com"]
[Date "2024.02.13"]
[Round "2"]
[White "KChor05"]
[Black "Antipov_Mikhail_Al"]
[Result "0-1"]
[WhiteElo "2613"]
[BlackElo "2963"]
[TimeControl "180+1"]
[EndTime "14:17:58 PST"]
[Termination "Antipov_Mikhail_Al won on time"]

1. e4 c5 2. Nf3 e6 3. d4 cxd4 4. Nxd4 a6 5. Nc3 d6 6. Be2 Nf6 7. O-O Qc7 8. f4 Be7 9. Kh1 O-O 10. Bf3 Re8 11. Qe1 Bf8 12. Be3 Nc6 13. g4 Nxd4 14. Bxd4 e5 15. Be3 Bxg4 16. Bg2 exf4 17. Rxf4 Be6 18.
Bd4 Nd7 19. Qg3 Ne5 20. Raf1 Qc4 21. Qf2 Rac8 22. Qd2 b5 23. R1f2 Be7 24. b3 Qc7 25.
Qe2 Bg5 26. Bxe5 dxe5 27. R4f3 f6 28. Nd5 Qc5 29. Rd3 Red8 30. b4 Qf8 31. Qh5 Kh8 32. h4 Bh6 33. Qf3 Bxd5 34. exd5 Qxb4 35. Bh3 Qxh4 36.
Kg2 Rc4 37. d6 e4 38. Qf5 exd3 39. cxd3 Rd4 40. d7 Qg5+ 41. Qxg5 Bxg5 42. Re2 R4xd7 0-1

[Event "Late-Titled-Tuesday-Blitz-February-13-2024"]
[Site "Chess.com"]
[Date "2024.02.13"]
[Round "2"]
[White "AlleyOoper"]
[Black "Oleksandr_Bortnyk"]
[Result "0-1"]
[WhiteElo "2663"]
[BlackElo "3049"]
[TimeControl "180+1"]
[EndTime "14:18:00 PST"]
[Termination "Oleksandr_Bortnyk won by resignation"]

1. d4 Nf6 2. Nc3 d6 3. e4 Nbd7 4. Nf3 e5 5. Bc4 Be7 6. O-O h6 7. a4 c6 8. a5 Qc7 9. b3 Nf8 10. h3 g5 11. dxe5 dxe5 12. Bb2 g4 13. hxg4 Bxg4 14. Qd3 Ng6 15. Qe3 Rg8 16. Nh2 Nf4 17.
g3 Bh3 18. Rfd1 Rg5 19. Ne2 Nxe2+ 20. Bxe2 Nd7 21. Nf3 Bc5 22. Rxd7 Rxg3+ 23. Kh2 Rg2+ 24. Kxh3 Qxd7+ 25. Kxg2 Qg4+ 26. Kf1 Qh3+ 27. Ke1 Bxe3 28.
fxe3 Qg3+ 29. Kf1 f6 30. Rd1 Rd8 31. Rxd8+ Kxd8 32. Bc3 h5 33. Be1 Qg4 34. Bh4 Ke7 35. Bf2 Qxe4 36. c4 Qb1+ 37. Kg2 Qxb3 38. Nh4 Qa2 39. Bf1 Qxa5 40. Nf5+ Ke6 41. Ng3 h4 42. Ne4 Qa2 43. Nc5+ Ke7 44. Kf3 b6 45. Ne4 f5 46.
Bxh4+ Kd7 47. Nf2 a5 48. Bg3 Ke6 49. Bh3 Qxc4 50. e4 Qc3+ 51. Kg2 a4 52. exf5+ Kd5 53.
f6 e4 54. Bf5 Qf3+ 55. Kh2 Qxf5 0-1

[Event "Late-Titled-Tuesday-Blitz-February-13-2024"]
[Site "Chess.com"]
[Date "2024.02.13"]
[Round "2"]
[White "Lion-Al-Messi"]
[Black "dretch"]
[Result "0-1"]
[WhiteElo "2563"]
[BlackElo "2864"]
[TimeControl "180+1"]
[EndTime "14:18:00 PST"]
[Termination "dretch won by checkmate"]

1. e4 e6 2. d4 d5 3. exd5 exd5 4.
Bd3 Nc6 5. Nf3 Bg4 6. c3 Bd6 7. O-O Nge7 8. Nbd2 Qd7 9. Re1 f6 10. Nf1 O-O-O 11. Ne3 h5 12. b4 Rde8 13. a4 Nd8 14. b5 Ne6 15. a5 Nf4 16. Bf1 Neg6 17. b6 a6 18. c4 Nh4 19. c5 Bxf3 20. Qc2 Bxg2 21.
Bxg2 Nfxg2 22. cxd6 Nxe1 23. Qxc7+ Qxc7 24. bxc7 Nef3+ 25. Kf1 Nxh2+ 26. Kg1 Ng4 27. Kf1 Nxe3+ 28. Bxe3 Nf5 29. Bf4 g5 30. Bh2 Kd7 31. Rb1 Nxd6 32. Rb6 Nc8 33. Rxf6 Ref8 34. Rg6 Rhg8 35. Rh6 h4 36. Rh7+ Kc6 37.
Rh6+ Kb5 38. Rh7 g4 39. Rxh4 g3 40. Bg1 g2+ 41. Ke2 Re8+ 42. Kd2 Re4 43. Rh3 Rxd4+ 44.
Kc2 Rc4+ 45. Kb2 Rxc7 46. Rb3+ Kxa5 47. f4 Re7 48. Ka3 Re1 49. Bd4 Rc1 50. Be3 Rc2 51.
Bg1 b5 52. f5 Nd6 53. Bh2 Nc4# 0-1

[Event "Late-Titled-Tuesday-Blitz-February-13-2024"]
[Site "Chess.com"]
[Date "2024.02.13"]
[Round "2"]
[White "mbojan"]
[Black "Atousa"]
[Result "1-0"]
[WhiteElo "2850"]
[BlackElo "2550"]
[TimeControl "180+1"]
[EndTime "14:18:00 PST"]
[Termination "mbojan won by checkmate"]

1. d4 Nf6 2. c4 e6 3. Nf3 d5 4. e3 Be7 5. Bd3 O-O 6. b3 c5 7. O-O cxd4 8. exd4 Nc6 9. Bb2 b6 10. Nbd2 Bb7 11. Qe2 Rc8 12. Rac1 h6 13. Rfe1 Re8 14. Ne5 dxc4 15. Nxf7 cxd3 16. Nxd8 dxe2 17. Nxb7 Bb4 18. Bc3 Bxc3 19. Rxc3 Nxd4 20. Rd3 Nf5 21. Nd6 Nxd6 22. Rxd6 Red8 23. Rxd8+ Rxd8 24. Rxe2 Ne4 25. Nf1 Nc5 26.
g3 Rd1 27. Kg2 Kf7 28. Ne3 a5 29. Nc4 Nd7 30. Re3 Rd5 31. Re2 Ke7 32. f4 Rc5 33.
Kf3 a4 34. Kg4 axb3 35. axb3 Rb5 36. Re3 Rc5 37. Rd3 b5 38. Nd2 Rc2 39. Nf3 Nf6+ 40. Kh3 Nd7 41. Re3 b4 42. Nd4 Rc3 43. Rxe6+ Kf7 44.
Ra6 Nc5 45. Ra7+ Kg8 46. Ra8+ Kh7 47. Rb8 Nxb3 48. Ne6 Nc5 49. Nf8+ Kg8 50. f5 b3 51. Ng6+ Kf7 52. Rf8# 1-0

[Event "Late-Titled-Tuesday-Blitz-February-13-2024"]
[Site "Chess.com"]
[Date "2024.02.13"]
[Round "2"]
[White "ZaphenathPaneah"]
[Black "dawid498"]
[Result "0-1"]
[WhiteElo "2180"]
[BlackElo "2694"]
[TimeControl "180+1"]
[EndTime "14:18:00 PST"]
[Termination "dawid498 won on time"]

1. e4 g6 2. d4 Bg7 3. c4 d6 4. f4 Nf6 5. Nc3 O-O 6. Nf3 c5 7. d5 b5 8. cxb5 a6 9. Be3 axb5 10. Bxb5 Nxe4 11. O-O Bxc3 12. Qc2 Bg7 13. Qxe4 Bf5 14.
Qc4 Bxb2 15. Rae1 Qa5 16. a4 Qc3 17. Qe2 Qf6 18. Nh4 Bc3 19. Nxf5 Qxf5 20. Rc1 Bf6 21. Bd3 Qxd5 22. f5 Rxa4 23. Bh6 Nd7 24. Bxf8 Nxf8 25. fxg6 hxg6 26. Bc4 Qd4+ 27. Kh1 Kg7 28. Bb5 Rb4 29. Be8 Rb2 30. Qc4 Qxc4 31. Rxc4 Rb8 32. Bc6 Ne6 33. Bd5 Nd4 34. g4 e6 35. Bg2 Rb2 36. Ra4 g5 37. Ra7 d5 38. h4 gxh4 39. g5 Bxg5 40. Rfxf7+ Kg6 41. Rg7+ Kf5 42. Bh3+ Kf4 43.
Raf7+ Kg3 44. Rxg5+ Kxh3 45. Kg1 Ne2+ 46. Kf2 Ng3+ 47. Kf3 Rb3+ 48. Kf4 Rb4+ 49. Ke5 Re4+ 50. Kf6 c4 0-1

[Event "Late-Titled-Tuesday-Blitz-February-13-2024"]
[Site "Chess.com"]
[Date "2024.02.13"]
[Round "2"]
[White "Hauptsache_Gambit"]
[Black "Cambek64"]
[Result "1-0"]
[WhiteElo "2079"]
[BlackElo "2500"]
[TimeControl "180+1"]
[EndTime "14:18:00 PST"]
[Termination "Hauptsache_Gambit won on time"]

1. e4 c5 2. b4 cxb4 3. a3 b3 4. c4 Nc6 5. d4 e5 6. dxe5 Nxe5 7.
Qxb3 d6 8. f4 Nc6 9. Nf3 Nf6 10.
Bd3 Nd7 11. O-O Nc5 12. Qc2 Qb6 13. Kh1 Be7 14. Nc3 O-O 15. Nd5 Qd8 16. Bb2 f6 17.
Nh4 Be6 18. Rf3 Bxd5 19. exd5 Nxd3 20. Qxd3 Nb8 21. Nf5 g6 22. Nd4 Rf7 23. Re1 Nd7 24. Rfe3 Nc5 25. Qc2 f5 26. h3 Bf6 27. Ne6 Qb6 28.
Bxf6 Rxf6 29. Ng5 Raf8 30. Re7 h6 31. Nf3 Ne4 32. Kh2 R8f7 33. Re8+ Kg7 34. Nh4 Qc7 35. Qd3 Qd7 36. Rb8 Rf8 37. Rxf8 Rxf8 38. Qf3 Qf7 39.
g3 Rc8 40. Ng2 Rxc4 41. Re2 Qxd5 42. g4 Rc3 43. Qf1 Qd3 44. Re3 1-0

[Event "Late-Titled-Tuesday-Blitz-February-13-2024"]
[Site "Chess.com"]
[Date "2024.02.13"]
[Round "2"]
[White "Polish_fighter3000"]
[Black "JoakimVonAnd"]
[Result "0-1"]
[WhiteElo "3064"]
[BlackElo "2692"]
[TimeControl "180+1"]
[EndTime "14:18:01 PST"]
[Termination "JoakimVonAnd won on time"]

1. b4 c6 2. Bb2 a5 3. a3 axb4 4. axb4 Rxa1 5. Bxa1 Nf6 6. e3 Qb6 7. Bxf6 gxf6 8. c3 d5 9. d4 Bf5 10. Nf3 e6 11. Bd3 Bg6 12. O-O Bd6 13. Nh4 Nd7 14. Na3 O-O 15. Nc2 Ra8 16. g4 Ra2 17. f4 Bxd3 18.
Qxd3 Qb5 19. Qxb5 cxb5 20. Rc1 Nb6 21. Nf3 Nc4 22. Kf2 Nb2 23. Ke2 Nc4 24. h3 Kf8 25. Nd2 Ke7 26. Nxc4 bxc4 27. Kd2 e5 28. fxe5 fxe5 29.
Rf1 f6 30. Rf5 Ke6 31. Kc1 b6 32. Rh5 Ra7 33. Rh6 Rg7 34. Kb2 e4 35. Rh5 Ra7 36.
Na3 Rg7 37. Nb5 Bg3 38. Kc2 Bh2 39. Kd2 Bg3 40. Ke2 Bh2 41. Kf2 Bb8 42. Kg2 Bd6 43. Rh6 Bb8 44. Kf2 Rf7 45. g5 Kf5 46. gxf6 Kg5 47. Rxh7 Rxh7 48. Ke2 Rf7 49. Na3 Rxf6 50.
Nc2 Rf3 51. b5 Rxh3 52. Nb4 Rh2+ 53. Kd1 Kg4 54. Nxd5 Kf3 55. Kc1 Bg3 56. Kd1 Bf2 0-1

[Event "Late-Titled-Tuesday-Blitz-February-13-2024"]
[Site "Chess.com"]
[Date "2024.02.13"]
[Round "2"]
[White "ChristopherYoo"]
[Black "yaguigor"]
[Result "1-0"]
[WhiteElo "2965"]
[BlackElo "2617"]
[TimeControl "180+1"]
[EndTime "14:18:01 PST"]
[Termination "ChristopherYoo won by resignation"]

1. Nf3 d5 2. e3 Nf6 3. c4 c6 4. Nc3 e6 5. b3 Bd6 6. Bb2 O-O 7. Qc2 e5 8. cxd5 cxd5 9. Nb5 Nc6 10. Nxd6 Qxd6 11. Be2 d4 12. O-O Rd8 13. d3 dxe3 14.
fxe3 Nd5 15. Qd2 f6 16. Rad1 Be6 17. e4 Ndb4 18. a3 Na6 19. b4 Nc7 20. d4 Nxd4 21. Nxd4 exd4 22. Qxd4 Qxd4+ 23. Rxd4 Rxd4 24. Bxd4 b6 25. Rc1 Ne8 26. Kf2 Kf7 27. Bh5+ g6 28. Bf3 Rc8 29. Rxc8 Bxc8 30. e5 Ke6 31. exf6 Nxf6 32. Ke3 Bd7 33. Kf4 h6 34. h4 Nd5+ 35.
Ke4 Nf6+ 36. Bxf6 Kxf6 37. Kd5 Ke7 38. Ke5 g5 39. hxg5 hxg5 40. Be4 Be6 41. Bf5 Bb3 42.
Bg4 Bc2 43. Bf3 a5 44. bxa5 bxa5 45. Be4 Bxe4 46. Kxe4 Ke6 47. a4 Kf6 48. g3 Ke6 49. g4 Kd6 50. Kf5 Kc5 51. Kxg5 Kb4 52. Kf4 Kxa4 53.
g5 Kb4 54. g6 a4 55. g7 a3 56.
g8=Q 1-0

[Event "Late-Titled-Tuesday-Blitz-February-13-2024"]
[Site "Chess.com"]
[Date "2024.02.13"]
[Round "2"]
[White "FontVella8"]
[Black "emeli_chess"]
[Result "1-0"]
[WhiteElo "2710"]
[BlackElo "2370"]
[TimeControl "180+1"]
[EndTime "14:18:03 PST"]
[Termination "FontVella8 won by resignation"]

1. e4 e5 2. Nf3 Nc6 3. Bc4 Nf6 4. Ng5 d5 5. exd5 Na5 6. Bb5+ c6 7. dxc6 bxc6 8.
Bd3 Ng4 9. Ne4 f5 10. Be2 h5 11. h3 fxe4 12. hxg4 Bc5 13. Nc3 Qd4 14. Rf1 O-O 15. d3 Rxf2 16. Nxe4 Rxf1+ 17. Bxf1 Bxg4 18. Qd2 Nc4 19. Qc3 Ne3 20. Qxd4 Bxd4 21. Bxe3 Bxe3 22. Be2 Bxe2 23.
Kxe2 Bb6 24. a4 a5 25. c3 g6 26. Rf1 Rf8 27. Rxf8+ Kxf8 28. b4 Ke7 29. Nd2 axb4 30. cxb4 Bd4 31. Ne4 Ke6 32. Kd2 Kd5 33. Kc2 Ba7 34.
Kc3 Bb6 35. a5 Bd8 36. a6 Bb6 37. Nc5 g5 38. Nd7 Ba7 39. Nf6+ Kd6 40. Nxh5 Kd5 41.
g4 Ke6 42. Ng3 Kd5 43. Ne4 Be3 44. Nxg5 Bd4+ 45. Kb3 Kd6 46. Ne4+ Kc7 47. g5 Be3 48. g6 Bh6 49. Kc4 Kb6 50. Nc5 Bf8 51. Nd7+ Kxa6 52.
Nxf8 1-0

[Event "Late-Titled-Tuesday-Blitz-February-13-2024"]
[Site "Chess.com"]
[Date "2024.02.13"]
[Round "2"]
[White "noblerone"]
[Black "lluiss"]
[Result "1-0"]
[WhiteElo "2457"]
[BlackElo "2142"]
[TimeControl "180+1"]
[EndTime "14:18:03 PST"]
[Termination "noblerone won on time"]

1. d4 d5 2. Nf3 c6 3. Bg5 Qb6 4. Qc1 h6 5. Bh4 Bf5 6. e3 Nd7 7. c4 e6 8. Nc3 Ngf6 9. c5 Qa5 10.
a3 Qc7 11. b4 Be7 12. Be2 O-O 13. O-O Rfe8 14. Bg3 Qc8 15. h3 Bd8 16. b5 Bc7 17.
Bxc7 Qxc7 18. Re1 e5 19. Qb2 Re7 20. dxe5 Nxe5 21. Nxe5 Rxe5 22. Bf3 Rae8 23. Ne2 Be4 24. Nd4 Bxf3 25. Nxf3 Re4 26. bxc6 bxc6 27. Rab1 Rc4 28. Qb7 Re7 29. Qxc7 Rxc7 30. Rec1 Ne4 31. Rxc4 dxc4 32. Rc1 c3 33. Nd4 Rb7 34. f3 Nxc5 35. Rxc3 Ne6 36.
Nxe6 fxe6 37. Rxc6 Kf7 38. e4 Kf6 39. f4 g5 40. fxg5+ hxg5 41. Rc5 Rb1+ 42. Kh2 Re1 43. Ra5 Rxe4 44. Rxa7 Re3 45. a4 Ra3 46. a5 Kf5 47.
Ra8 e5 48. a6 Ke4 49. a7 Ra4 50. Kg3 Ra3+ 51. Kg4 Ke3 52. Re8 Rxa7 53. Rxe5+ Kf2 54. g3 Rg7 55. Rxg5 Rh7 56. h4 Ra7 57. Rf5+ 1-0

[Event "Late-Titled-Tuesday-Blitz-February-13-2024"]
[Site "Chess.com"]
[Date "2024.02.13"]
[Round "2"]
[White "Goryachkina"]
[Black "LyonBeast"]
[Result "0-1"]
[WhiteElo "2686"]
[BlackElo "3172"]
[TimeControl "180+1"]
[EndTime "14:18:08 PST"]
[Termination "LyonBeast won on time"]

1. e4 c5 2. Nf3 Nc6 3. Bb5 g6 4. O-O Bg7 5. Re1 Nf6 6. c3 O-O 7. d4 d5 8. e5 Ne4 9. Bxc6 bxc6 10. Be3 cxd4 11. cxd4 Bf5 12. Nbd2 Rb8 13. Qc1 Qb6 14. b3 f6 15. exf6 exf6 16. Qa3 Rfe8 17. Rac1 Bf8 18. Qb2 Bd6 19. Nxe4 Rxe4 20. Nd2 Re6 21. Nf1 h5 22. Bd2 Rbe8 23. Rxe6 Rxe6 24. Re1 Rxe1 25. Bxe1 h4 26. h3 Kf7 27. Bc3 Qa6 28. Qd2 g5 29. Ne3 Bf4 30. Bb4 Kg6 31. Bc5 Be4 32. a3 Qb5 33. Bb4 a5 34. Bxa5 Qxb3 35. Bb4 Qb1+ 36. Qe1 Qa2 37. Qd2 Qa1+ 38. Qd1 Qxd1+ 39. Nxd1 Bc2 40.
Ne3 Ba4 41. Bc5 Bb5 42. Nc2 Kf5 43. f3 Bg3 44. Ne3+ Ke6 45. Nd1 Be1 46. Ne3 f5 47.
Bb4 Bg3 48. Nf1 Bc7 49. Kf2 Kf6 50. Ne3 Kg6 51. Nd1 Bb6 52. Ke3 f4+ 53. Kd2 Bxd4 54. Nc3 Bf1 55. a4 Bxg2 0-1

[Event "Late-Titled-Tuesday-Blitz-February-13-2024"]
[Site "Chess.com"]
[Date "2024.02.13"]
[Round "2"]
[White "Kaua18"]
[Black "JCVanDamme10"]
[Result "1-0"]
[WhiteElo "2527"]
[BlackElo "2303"]
[TimeControl "180+1"]
[EndTime "14:18:08 PST"]
[Termination "Kaua18 won on time"]

1. e4 c5 2. Nf3 e6 3. g3 a6 4. Bg2 Qc7 5. O-O b5 6. d4 Bb7 7. Re1 Be7 8. a4 Nf6 9. axb5 axb5 10.
Rxa8 Bxa8 11. Nc3 b4 12. Nb5 Qb6 13. c4 Bxe4 14. d5 O-O 15. d6 Bd8 16. Ne5 Bxg2 17.
Kxg2 Nc6 18. Nxc6 dxc6 19. Nc7 Bxc7 20. dxc7 Qxc7 21. Bf4 Qd7 22. Qa4 Qb7 23. Ra1 Nd7 24. Qa7 Qxa7 25. Rxa7 Nb6 26. b3 Ra8 27. Rb7 Nc8 28.
Rc7 Kf8 29. Rxc6 Ke8 30. Rxc5 Ne7 31. Rb5 Nc6 32. Rb6 Rc8 33. Bd6 Kd7 34. Bxb4 Rb8 35. Rxb8 Nxb8 36. Bc3 f6 37. f4 Nc6 38. Kf3 Ne7 39. Ke4 Nf5 40. b4 Nd6+ 41. Kd4 Nf5+ 42. Kc5 Ne3 43. b5 Kc7 44. Ba5+ Kb7 45. Be1 h5 46.
Bf2 Nc2 47. Kd6 Na3 48. Kxe6 Nxc4 49. Kf7 g5 50. Kxf6 gxf4 51. gxf4 Nd6 52. Be3 Nxb5 53. Kg7 Kc6 54. f5 Nd6 55. Kg6 h4 56. f6 Ne4 57.
f7 1-0

[Event "Late-Titled-Tuesday-Blitz-February-13-2024"]
[Site "Chess.com"]
[Date "2024.02.13"]
[Round "2"]
[White "JackRodgers"]
[Black "Chemim21"]
[Result "1-0"]
[WhiteElo "2499"]
[BlackElo "2228"]
[TimeControl "180+1"]
[EndTime "14:18:08 PST"]
[Termination "JackRodgers won on time"]

1. d4 d5 2. c4 e6 3. Nc3 Nf6 4. Nf3 Nbd7 5. Bg5 c6 6. e3 Qa5 7. Bxf6 Nxf6 8. Bd3 Bb4 9. O-O Bxc3 10. bxc3 Qxc3 11.
Rc1 Qa5 12. Qc2 O-O 13. Ne5 dxc4 14. Bxc4 Qc7 15. Bd3 Qd6 16. g4 g6 17. g5 Nd5 18.
Qe2 Qe7 19. f4 f5 20. h4 Bd7 21. Kf2 Be8 22. Rg1 Rc8 23. h5 c5 24. Bb5 cxd4 25. Rxc8 dxe3+ 26. Kg3 Qb4 27. Bc4 Nc3 28. Bxe6+ Kg7 29.
Qc4 Ne4+ 30. Kh4 Qd2 31. Qc2 gxh5 32. Qxd2 exd2 33. Nf3 Ba4 34. Rxf8 Kxf8 35. Bb3 Bb5 36. Rd1 Be2 37. Rxd2 Nxd2 38. Nxd2 Ke7 39. Nc4 b6 40. Ne5 a5 41. Bg8 b5 42. Nc6+ Kf8 43. Bxh7 a4 44.
Bxf5 Bc4 45. Nb4 a3 46. Kxh5 Kf7 47. Be4 Kg7 48. f5 Be2+ 49. Kh4 Bc4 50. Bd5 Be2 51. Kg3 1-0

[Event "Late-Titled-Tuesday-Blitz-February-13-2024"]
[Site "Chess.com"]
[Date "2024.02.13"]
[Round "2"]
[White "Actuary44"]
[Black "wild3000"]
[Result "1-0"]
[WhiteElo "2530"]
[BlackElo "2324"]
[TimeControl "180+1"]
[EndTime "14:18:10 PST"]
[Termination "Actuary44 won on time"]

1. e4 e6 2. d4 d5 3. Nc3 Bb4 4. e5 Ne7 5. f4 c5 6. dxc5 Bxc5 7. Nf3 Nbc6 8. Bd3 Nb4 9. a3 Nxd3+ 10. Qxd3 Bd7 11. Bd2 a6 12. O-O-O b5 13. Ne2 Qb6 14. g4 b4 15. axb4 Bxb4 16. Bxb4 Qxb4 17. Qa3 Qxa3 18. bxa3 O-O 19. Kd2 Nc6 20. Rb1 Na5 21. Ned4 Nc4+ 22. Ke2 Nxa3 23. Rb7 Bb5+ 24. Kf2 Rfb8 25. Rxb8+ Rxb8 26. Ra1 Nc4 27. Nxb5 axb5 28. Nd4 h6 29. Ra7 g5 30. f5 exf5 31. Nxf5 Nxe5 32. h3 Nc6 33. Rc7 Nb4 34. Nxh6+ Kg7 35. Nf5+ Kf6 36. Ke3 Re8+ 37. Kd4 Re4+ 38. Kc5 Nxc2 39. Kxd5 Re6 40. Rxc2 b4 41. Rb2 Rb6 42. Kc5 Rb8 43. Nd6 b3 44. Nb5 Rc8+ 45. Kb4 Rc2 46. Rxb3 Rf2 47. Kc4 Kg6 48. Kd4 f5 49.
Nd6 fxg4 50. hxg4 Rf4+ 51. Ke5 Rxg4 52. Nf5 Ra4 53. Rb6+ Kf7 54. Rf6+ Ke8 55. Rg6 g4 56. Rg7 Kf8 57. Rb7 Ke8 58. Ke6 Kd8 59. Rg7 Kc8 60. Nd6+ Kb8 61. Kd5 Ka8 62. Kc6 Ra6+ 63. Kc5 Ra2 64.
Kb6 Rb2+ 65. Nb5 1-0

[Event "Late-Titled-Tuesday-Blitz-February-13-2024"]
[Site "Chess.com"]
[Date "2024.02.13"]
[Round "2"]
[White "rcmz"]
[Black "SHIVACalypso"]
[Result "0-1"]
[WhiteElo "2169"]
[BlackElo "2469"]
[TimeControl "180+1"]
[EndTime "14:18:10 PST"]
[Termination "SHIVACalypso won on time"]

1. b4 a5 2. b5 b6 3. Bb2 Bb7 4. e3 Nf6 5. f4 e6 6. Nf3 Be7 7. Be2 O-O 8. O-O a4 9. a3 c6 10. c4 d5 11. d3 Nbd7 12. Nc3 Nc5 13. d4 Nb3 14. Rb1 dxc4 15. Bxc4 Nd5 16. Nxd5 exd5 17.
Bxb3 axb3 18. Qxb3 cxb5 19. Ra1 Re8 20. Rfe1 Ba6 21. Ne5 Qd6 22. Bc3 f6 23. Bb4 Qe6 24. f5 Bxb4 25. fxe6 Bxe1 26. Nc6 Bh4 27. Qxd5 Bb7 28.
Qxb5 Rac8 29. d5 Bxc6 30. dxc6 Rxe6 31. Qxb6 Bg5 32. Qb3 Rxc6 33. Re1 Kf7 34. e4 Bd2 35. Re2 Ba5 36. Kf2 Bb6+ 37. Kf3 Bd4 38. Rc2 Rb6 39. Qd3 Be5 40. Qd7+ Re7 41. Qd5+ Kg6 42. a4 Ra7 43.
Ra2 Rb4 44. a5 Rd4 45. Qb5 Rad7 46. g3 Rd3+ 47. Kg2 R3d6 48. a6 Ra7 49. Qc4 Rd4 50. Qb5 Rdd7 51. h4 h5 52. Kh3 Rdc7 53. Ra4 Rc3 54.
Qe8+ Kh6 0-1

[Event "Late-Titled-Tuesday-Blitz-February-13-2024"]
[Site "Chess.com"]
[Date "2024.02.13"]
[Round "2"]
[White "MikaelyanArman"]
[Black "Sajkochess"]
[Result "1-0"]
[WhiteElo "2817"]
[BlackElo "2384"]
[TimeControl "180+1"]
[EndTime "14:18:12 PST"]
[Termination "MikaelyanArman won by resignation"]

1. e4 c6 2. Nf3 d5 3. d3 dxe4 4. dxe4 Qxd1+ 5. Kxd1 Nf6 6. Nbd2 Nbd7 7. a4 a5 8. h3 e5 9. Bc4 Bc5 10. Ke2 Nb6 11. Bd3 Nfd7 12. b3 f6 13. Bb2 Be7 14. Nc4 Nxc4 15. Bxc4 Nc5 16. Nd2 Be6 17. f3 Kd8 18.
Rhd1 Kc7 19. Ba3 Bxc4+ 20. Nxc4 b5 21. Ne3 b4 22. Bb2 Rhd8 23. Nc4 Rxd1 24. Rxd1 Ne6 25. g3 Bc5 26. h4 Bd4 27. Bc1 h5 28.
f4 Nc5 29. Kf3 Nd7 30. Be3 Bxe3 31. Kxe3 exf4+ 32. gxf4 Ra7 33. f5 Nb6 34. Nb2 Ra8 35. Rg1 Rg8 36. Nd3 Kd6 37. Nf4 Nd7 38. Ng6 Ne5 39.
Rd1+ Kc7 40. Nxe5 fxe5 41. Rg1 Kd7 42. Rg6 c5 43. Kd3 Ke7 44. Kc4 Rd8 45. Rxg7+ Kf6 46.
Rg6+ Kf7 47. Rh6 Rd4+ 48. Kxc5 Rxe4 49. Rxh5 Re2 50. Kd5 Rxc2 51. Kxe5 Rc3 52. Rh7+ Kf8 53. Ra7 Rxb3 54. Kf6 Ke8 55. Rxa5 Rg3 56. Rb5 b3 57. a5 Kd7 58. a6 Kc7 59. a7 b2 60.
a8=Q 1-0

[Event "Late-Titled-Tuesday-Blitz-February-13-2024"]
[Site "Chess.com"]
[Date "2024.02.13"]
[Round "2"]
[White "Mikayel99"]
[Black "nitpicker"]
[Result "1-0"]
[WhiteElo "2504"]
[BlackElo "2248"]
[TimeControl "180+1"]
[EndTime "14:18:12 PST"]
[Termination "Mikayel99 won on time"]

1. e4 c5 2. Nf3 Nc6 3. b3 d6 4. Bb2 e6 5. d4 cxd4 6. Nxd4 Bd7 7. Bd3 Nf6 8. O-O Be7 9. Nxc6 Bxc6 10. Nd2 Qc7 11. Qe2 a6 12. a4 O-O 13. a5 Nd7 14. Rfd1 Bf6 15. Bxf6 Nxf6 16. Nc4 d5 17. Nb6 Rad8 18. e5 Nd7 19. Nxd7 Rxd7 20. f4 d4 21. Rf1 g6 22. Qd2 Bd5 23. f5 exf5 24. Bxf5 Re7 25. Qxd4 Qxe5 26. Qxe5 Rxe5 27. Bd3 Be4 28. Rae1 Bxd3 29.
Rxe5 Bxf1 30. Kxf1 Rc8 31. c4 Kf8 32. Ke2 Rd8 33. b4 f6 34. Re6 Kf7 35. Rb6 Rd7 36. c5 Rc7 37. Kd3 f5 38. Kc4 g5 39.
Kd5 f4 40. Ke5 Kg7 41. Kf5 h6 42. Kg4 Re7 43. Kh5 Re2 44. Rxb7+ Kf6 45. Rb6+ Kf5 46. Kxh6 Rxg2 47. c6 f3 48. Rb8 Rc2 49. b5 axb5 50. Rf8+ Kg4 51. Rf6 b4 52. a6 b3 53. a7 b2 54. a8=Q b1=Q 55. Qa4+ Kh3 56. Rxf3+ Kg2 57. Qe4 Kg1 58. Rg3+ Kf1 59. Qh1+ 1-0

[Event "Late-Titled-Tuesday-Blitz-February-13-2024"]
[Site "Chess.com"]
[Date "2024.02.13"]
[Round "2"]
[White "MasterofMasters2006"]
[Black "sharkarton"]
[Result "0-1"]
[WhiteElo "2267"]
[BlackElo "2513"]
[TimeControl "180+1"]
[EndTime "14:18:15 PST"]
[Termination "sharkarton won on time"]

1. d4 Nf6 2. c4 e6 3. Nf3 d5 4.
Nc3 c6 5. Bg5 h6 6. Bh4 Be7 7.
e3 O-O 8. Qc2 Nbd7 9. Rc1 b6 10.
Bd3 Bb7 11. O-O Rc8 12. Rfd1 c5 13. cxd5 Nxd5 14. Bxe7 Qxe7 15. Nxd5 Bxd5 16. Qa4 Bxf3 17. gxf3 cxd4 18. Qxd4 Nc5 19. Be2 Rfd8 20. Qb4 e5 21.
Qg4 Ne6 22. Rxd8+ Rxd8 23. Bc4 Rc8 24. Rd1 h5 25. Qe4 Ng5 26. Qd5 Nxf3+ 27. Qxf3 Rxc4 28. Qa8+ Kh7 29. Qf3 Rg4+ 30. Kh1 Qe6 31. h3 Rg5 32. Rc1 g6 33. Kh2 Kg7 34. Rc7 Rf5 35. Qg2 e4 36. Rxa7 Qf6 37. Kg1 Qxb2 38. Ra4 Qb1+ 39. Kh2 Qc2 40. Rxe4 Rxf2 41. Rg4 Rxg2+ 42. Rxg2 Qd3 43. Kg1 Qd6 44. Rf2 Qd1+ 45. Kg2 Qd3 46. Rf3 Qe4 47. Kf2 g5 48. Rg3 f6 49. h4 Qxh4 50. Kg2 Qe4+ 51. Kf2 h4 52. Rg1 Kg6 53. Ke2 Qc4+ 54. Kd2 Qxa2+ 55. Kc3 Qa3+ 56. Kd4 Qc5+ 57. Kd3 h3 58.
Rh1 Qd5+ 0-1

[Event "Late-Titled-Tuesday-Blitz-February-13-2024"]
[Site "Chess.com"]
[Date "2024.02.13"]
[Round "2"]
[White "Alex_Sahakyan2006"]
[Black "Nouali_Mohamed"]
[Result "1-0"]
[WhiteElo "2876"]
[BlackElo "2570"]
[TimeControl "180+1"]
[EndTime "14:18:16 PST"]
[Termination "Alex_Sahakyan2006 won by checkmate"]

1. d4 Nf6 2. c4 g6 3. Nc3 Bg7 4. e4 O-O 5. f4 d6 6. Nf3 c5 7. d5 Qa5 8. Bd3 Nxd5 9. exd5 Bxc3+ 10. bxc3 Qxc3+ 11. Qd2 Qxa1 12. O-O Qg7 13. Bb2 f6 14. Re1 Bg4 15. Ng5 Na6 16. h3 Bd7 17. Re3 Nc7 18. Qe1 Rae8 19. h4 Bg4 20. Ne4 b6 21. Rg3 Bf5 22.
h5 Qh6 23. hxg6 hxg6 24. Qe3 Kf7 25. Nf2 e6 26. Bxf5 exf5 27. Qc3 Ke7 28. Nh3 Kd7 29. Qa3 a6 30. Qa4+ b5 31. Qa5 Re2 32. Bc3 Qh4 33. Rxg6 Rf7 34. Qb6 Qh8 35. Qc6+ Kc8 36.
Qxd6 Rd7 37. Qc6 Rde7 38. Bxf6 Re1+ 39. Kh2 Rh1+ 40. Kxh1 Re1+ 41. Kh2 Qe8 42. Qxe8+ Nxe8 43. Be5 bxc4 44. Rc6+ Kd7 45. Rxc5 Rxe5 46. fxe5 Nc7 47. e6+ Kd6 48. Rc6+ Kxd5 49. Rxc7 Kxe6 50. Rxc4 Ke5 51.
Ra4 Kf6 52. Nf4 Kg5 53. Kg3 a5 54. Rxa5 Kh6 55. Ra6+ Kg5 56. Rg6# 1-0

[Event "Late-Titled-Tuesday-Blitz-February-13-2024"]
[Site "Chess.com"]
[Date "2024.02.13"]
[Round "2"]
[White "Nick12772"]
[Black "AradNazari"]
[Result "0-1"]
[WhiteElo "2375"]
[BlackElo "2769"]
[TimeControl "180+1"]
[EndTime "14:18:16 PST"]
[Termination "AradNazari won by resignation"]

1. Nf3 c5 2. g3 Nc6 3. d4 g6 4. Bg2 cxd4 5. Nxd4 Bg7 6. Nxc6 bxc6 7. c4 Nf6 8. O-O O-O 9. Nc3 e6 10. Bf4 d5 11. cxd5 cxd5 12. Be5 Bd7 13. Qd4 Qb6 14. Qh4 Nh5 15. Bxg7 Nxg7 16. b3 Nf5 17. Qf6 Qd4 18.
Qxd4 Nxd4 19. e3 Nc2 20. Rac1 Na3 21. Ne2 Bb5 22. Rfe1 Bxe2 23. Rxe2 Rac8 24. Ree1 f5 25. h4 Kf7 26. Bf3 Kf6 27. Kg2 h6 28. Be2 Ke5 29. Bd3 Kd6 30. Kf3 e5 31. Kg2 a5 32. h5 e4 33. Ba6 Rxc1 34. Rxc1 g5 35. Rc8 Rxc8 36. Bxc8 Ke5 37. f4+ exf3+ 38. Kxf3 Nc2 39. Ke2 Nb4 40. a4 f4 41. exf4+ gxf4 42. g4 d4 43. Bf5 Nd5 44. Kf3 Nb4 45. Bb1 Na6 46. Bd3 Nc5 47. Bc2 Ne6 48.
Bd3 Ng5+ 49. Kf2 Kd5 50. Bc2 Kc5 51. Bd3 Kb4 52. Bc4 Kc3 53. Ke2 f3+ 54. Kd1 d3 55. Ke1 Kc2 56. Bxd3+ Kxd3 57. b4 axb4 58. a5 b3 59. a6 b2 0-1